AoeStats
← mayazm3767

Golden Pit

507936658Analyzed
1v1 RM · 12d ago on Sep 20, 2026· 53m 27s· 2 players
Game mode
Random Map
Map size
Tiny (2 player)
Population
200
Speed
Normal
Resources
Standard
Victory
Conquest
Starting age
Dark Age
Ending age
Imperial Age
RankedLock teamsTeams togetherTeam positionsShared explorationLock speedFull tech treeHidden civsTurbo modeCheats
Victory
Defeat
🇨🇦 Magyars · Canada
1216
+17
🇹🇼 Persians · Taiwan
1230
-17
mayazm3767
6:59 Loom
9:16 Feudal Age
10:06 Double-Bit Axe
18:51 Castle Age
17:08 Horse Collar
17:27 Gold Mining
17:45 Fletching
18:58 Bloodlines
20:30 Bodkin Arrow
21:55 Scale Barding Armor
23:34 Padded Archer Armor
24:22 Bow Saw
26:33 Gold Shaft Mining
30:47 Chain Barding Armor
30:34 Stone Mining
32:32 Wheelbarrow
37:13 Imperial Age
35:52 Corvinian Army
36:13 Leather Archer Armor
36:37 Hand Cart
36:08 Town Watch
38:28 Parthian Tactics
38:05 Bracer
39:22 Onager
41:16 Ring Archer Armor
41:09 Ballistics
41:06 Fervor
44:17 Chemistry
43:49 Thumb Ring
44:23 Conscription
46:28 Husbandry
47:05 Plate Barding Armor
46:51 Recurve Bow
47:13 Conscription
47:46 Heavy Cavalry Archer
48:51 Light Cavalry
51:39 Two-Man Saw
50:42 Heavy Plow
50:56 Masonry
50:52 Siege Engineers
51:02 Masonry
50:34 Treadmill Crane
tp06204
6:46 Loom
9:30 Feudal Age
9:57 Double-Bit Axe
17:33 Wheelbarrow
17:17 Horse Collar
22:19 Castle Age
21:31 Fletching
22:18 Pikeman
24:43 Bow Saw
24:41 Bodkin Arrow
28:36 Gold Mining
29:41 Elite Skirmisher
30:15 Gambesons
30:30 Squires
30:48 Stone Mining
34:01 Hand Cart
36:26 Imperial Age
34:09 Thumb Ring
34:48 Gold Shaft Mining
34:52 Stone Shaft Mining
36:18 Ballistics
37:55 Chemistry
37:11 Forging
37:37 Scale Mail Armor
38:53 Halberdier
42:46 Bloodlines
42:36 Husbandry
44:23 Cavalier
45:48 Town Watch
53:05 Citadels
Connection lost

Rejoining the realm…

Still unreachable

The connection could not be restored.

Session expired

The server has moved on; the page needs a fresh start.